 Dungeon Crawl Stone Soup version 0.28.0-53-g5a82cb258f (webtiles) character file.

Game seed: 13983922711547112457

979 Zeld the Skirmisher (level 7, 0/59 HPs)
             Began as a Palentonga Fighter on May 20, 2022.
             Slain by a lemure (5 damage)
             ... led by Pikel
             ... on level 4 of the Dungeon.
             The game lasted 00:03:43 (4881 turns).

Zeld the Skirmisher (Palentonga Fighter)            Turns: 4881, Time: 00:03:44

Health: 0/59       AC: 16    Str: 21    XL:     7   Next: 96%
Magic:  7/7        EV:  8    Int:  8    God:
Gold:   18         SH:  4    Dex: 10    Spells: 6/6 levels left

rFire   . . .      SeeInvis +   a - +0 war axe
rCold   . . .      Faith    .   q - +0 buckler
rNeg    . . .      Spirit   .   b - +0 scale mail
rPois   .          Reflect  .   l - +0 helmet
rElec   .          Harm     .   (no cloak)
rCorr   .          Rampage  .   m - +0 pair of gloves
Will    .....                   (no barding)
Stlth   ..........              (no amulet)
HPRegen 0.19/turn               (no ring)
MPRegen 0.10/turn               (no ring)

@: curled up
A: large, rugged brown scales 3, see invisible, deformed body, roll 1, armoured
tail, reflexive curl
a: Rolling Charge


You were on level 4 of the Dungeon.
You visited 1 branch of the dungeon, and saw 5 of its levels.

You collected 188 gold pieces.
You spent 170 gold pieces at shops.

Inventory:

Hand Weapons
 a - a +0 war axe (weapon)
Armour
 b - a +0 scale mail (worn)
 l - a +0 helmet (worn)
 m - a +0 pair of gloves (worn)
 q - a +0 buckler (worn)
Jewellery
 h - a ring of flight
Scrolls
 e - 3 scrolls of identify {unknown}
 f - a scroll of blinking {unknown}
 g - a scroll of holy word {unknown}
 j - a scroll of noise {unknown}
 p - 3 scrolls of teleportation {unknown}
 r - a scroll of magic mapping {unknown}
 s - a scroll of amnesia {unknown}
 u - 2 scrolls of enchant armour {unknown}
Potions
 c - 4 potions of curing
 d - 3 potions of might
 i - a potion of resistance {unknown}
 k - a potion of cancellation {unknown}
 n - a potion of heal wounds {unknown}
 o - 3 potions of haste {unknown}
 t - 3 potions of brilliance


   Skills:
 * Level 5.4 Fighting
 * Level 4.9 Axes
 + Level 3.5 Armour
 + Level 2.3 Dodging
 * Level 4.4 Shields


You had 6 spell levels left.
You didn't know any spells.
Your spell library was empty.

Dungeon Overview and Level Annotations

Branches:
Dungeon (5/15)
 Temple: D:4-7

Altars:
Trog

Shops:
D:5 !

Annotations:
D:5 Pikel


Innate Abilities, Weirdness & Mutations

You are completely covered in rugged brown scales. (AC +3, +7% HP)
You have supernaturally acute eyesight. (SInv)
Armour fits poorly on your strangely shaped body.
You can roll at nearby foes to attack.
You have a long armoured tail.
You curl defensively after being hit. (AC +7*)


Message History

Pikel is moderately wounded.
You miss the lemure. You hit the lemure. You slash the lemure!
You closely miss the lemure. The lemure barely misses you. The lemure hits you.
The lemure hits you but does no damage. Pikel completely misses you.
The lemure hits you but does no damage. x2; The lemure hits you.
Unknown command.
You closely miss Pikel.
Pikel is moderately wounded.
You hit the lemure. x2; You closely miss the lemure.
You barely miss the lemure. The lemure hits you but does no damage.
You block Pikel's attack. The lemure hits you but does no damage.
The lemure hits you. The lemure barely misses you.
The lemure hits you but does no damage.
Unknown command.
You slash Pikel!
Pikel is severely wounded.
You hit the lemure. You closely miss the lemure. x3
Pikel hits you with a +2 whip of flaming!
* * * LOW HITPOINT WARNING * * *
Pikel burns you.
* * * LOW HITPOINT WARNING * * *
The lemure hits you but does no damage. The lemure closely misses you.
The lemure barely misses you. The lemure hits you but does no damage.
Pikel barely misses you.
Unknown command.
As you open the door, it creaks loudly! The lemure hits you.
* * * LOW HITPOINT WARNING * * *
There is an open door here.
Pikel says, "You'll feel the lick of my whip!"
A necrophage comes into view.
The lemure hits you.
* * * LOW HITPOINT WARNING * * *
There is a stone staircase leading up, spattered with blood here.
The lemure closely misses you.
You climb upwards.
There is a stone staircase leading down here.
The lemure hits you but does no damage. The lemure hits you but does no damage.
The lemure hits you.
You die...

#..##.# #..... ##..#.# ##....
#....### #.### #......## #.#
##.##.#..### #.###
#..##.##...## #....
#.###..###..### ##...
#########.####..###...###..#.
##......##..5@......##.:##.##.
##..........#..##....<......##.
#....>.....###.#########.......
#..........# #.### #.......
#.........(# #...#### #...#...
#..........# ###....####.#.#.##
#..........# ####...##.#.....
##......>..# ###.##.......
##.........# #.##.#.....


You could see a lemure.

Vanquished Creatures
  A water moccasin (D:5)
  2 necrophages (D:5)
  A phantom (D:4)
  A howler monkey (D:3)
  A jelly (D:5)
  4 hounds
  An orc priest (D:4)
  2 bullfrog skeletons (D:5)
  A gnoll shaman (D:5)
  Jessica (D:2)
  Natasha (twice) (D:2)
  2 iguanas
  An orc wizard (D:4)
  A hound skeleton (D:5)
  Robin (D:2)
  An adder (D:5)
  5 gnolls (D:5)
  An adder skeleton (D:4)
  A worm (D:5)
  2 dart slugs (D:2)
  5 orcs (D:4)
  4 ball pythons
  4 bats
  8 endoplasms
  3 giant cockroaches
  15 goblins
  9 hobgoblins
  6 jackals (D:1)
  3 kobolds
  3 frilled lizards
  5 rats
97 creatures vanquished.

Notes
Turn   | Place    | Note
-------+----------+-------------------------------------------
     0 | D:1      | Zeld the Palentonga Fighter began the quest for the Orb.
     0 | D:1      | Reached XP level 1. HP: 19/19 MP: 1/1
    70 | D:1      | Reached XP level 2. HP: 13/25 MP: 2/2
   689 | D:1      | Reached XP level 3. HP: 22/31 MP: 3/3
   781 | D:1      | You fall into a shaft and drop 1 floor!
   807 | D:2      | Noticed Jessica
   808 | D:2      | Killed Jessica
   856 | D:2      | Noticed Natasha
   865 | D:2      | Killed Natasha
   866 | D:2      | Reached XP level 4. HP: 22/39 MP: 4/4
  1435 | D:2      | Noticed Robin
  1702 | D:2      | Killed Robin
  1764 | D:2      | Noticed Natasha
  2202 | D:2      | Found a bloodstained altar of Trog.
  2236 | D:2      | Killed Natasha
  2237 | D:2      | Reached skill level 1 in Dodging
  2237 | D:2      | Reached XP level 5. HP: 36/44 MP: 5/5
  2565 | D:3      | Found a faded altar of an unknown god.
  2583 | D:3      | Reached skill level 4 in Fighting
  3031 | D:4      | Reached XP level 6. HP: 51/51 MP: 6/6
  3607 | D:5      | Entered Level 5 of the Dungeon
  3670 | D:5      | Gained mutation: You curl defensively after being hit. (AC
                  | +7*) [Palentonga growth]
  3670 | D:5      | Reached XP level 7. HP: 46/58 MP: 7/7
  3806 | D:5      | Reached skill level 5 in Fighting
  4169 | D:5      | Found Joakh's Distillery.
  4177 | D:5      | Bought 2 potions of curing for 60 gold pieces
  4177 | D:5      | Bought a potion of curing for 30 gold pieces
  4177 | D:5      | Bought a potion of brilliance for 40 gold pieces
  4177 | D:5      | Bought a potion of brilliance for 40 gold pieces
  4622 | D:5      | Noticed Pikel
  4868 | D:5      | HP: 2/59 [lemure[Pikel] (5)]
  4881 | D:4      | Slain by a lemure

Illustrated notes

Levels and vault maps discovered:
D:1:      tarquinn_simple_flora_water_f, layout_rooms, serial_glass,
          glass_columns_a, glass_columns_b, glass_columns_a, glass_columns_c,
          st_stairs_11, dk_noncrumbling_4
D:2:      layout_loops_cross, basic_altar, uniq_natasha, uniq_jessica,
          uniq_robin
D:3:      layout_rooms, hellmonk_ecumenical_altar_lost_god, minivault_19,
          st_stairs_6
D:4:      layout_rooms
D:5:      layout_basic, serial_shops, nicolae_shop_statue_plus, uniq_pikel

Skill      XL: |  1  2  3  4  5  6  7 |
---------------+----------------------+-----
Shields        | 3 4 |  4.4
Axes           | 3 4 |  4.9
Dodging        | 1 2 |  2.3
Fighting       | 4 5 |  5.4
Armour         | 3 |  3.5

Action                   |  1- 3 |  4- 6 |  7- 9 || total
-------------------------+-------+-------+-------++-------
Melee: War axe           |    56 |   143 |    85 ||   284
       Tailslap          |     6 |    13 |     9 ||    28
 Abil: Rolling Charge    |     7 |    17 |     5 ||    29
Armor: Scale mail        |    45 |    66 |    60 ||   171
Dodge: Dodged            |    26 |    54 |    43 ||   123
Block: Buckler           |    11 |    33 |    28 ||    72
